 Dungeon Crawl Stone Soup version bcrawl-1.14 (webtiles) character file.

Game seed: 12624290187149000928

89 Revguard the Skirmisher (level 4, -2/37 HPs)
             Began as a Hill Orc Abyssal Knight on Sept 9, 2019.
             Was a Follower of Lugonu.
             Killed by divine providence
             ... invoked by an orc priest
              (15 damage)
             ... on level 3 of the Dungeon.
             The game lasted 00:08:02 (1784 turns).

Revguard the Skirmisher (Hill Orc Abyssal Knight)   Turns: 1784, Time: 00:08:02

Health: -2/37      AC:  6    Str: 19    XL:     4   Next: 55%
Magic:  6/6        EV: 10    Int: 14    God:    Lugonu [*.....]
Gold:   119        SH:  0    Dex: 11    Spells: 3/3 levels left

rFire    . . .     SeeInvis .   a - +1 hand axe
rCold    . . .     Gourm    .   (no shield)
rNeg     . . .     Faith    .   m - +0 scale mail
rPois    .         Spirit   .   (helmet restricted)
rElec    .         Reflect  .   (no cloak)
rCorr    .         Harm     .   (no gloves)
MR       .....                  (no boots)
Stlth    ..........             (no amulet)
HPRegen  0.12/turn              (no ring)
MPRegen  0.10/turn              (no ring)

@: mighty, hasted, very quick
A: horns 1, clever 1, frail 1
a: Depart the Abyss, Renounce Religion, Convert to Beogh


You were on level 3 of the Dungeon.
You worshipped Lugonu.
Lugonu was aware of your devotion.
You were hungry.

You visited 1 branch of the dungeon, and saw 3 of its levels.
You visited the Abyss 1 time.

You collected 119 gold pieces.

Inventory:

Hand Weapons
 a - a +1 hand axe (weapon)
Missiles
 n - 96 javelins (quivered)
Armour
 b - a +0 leather armour
 m - a +0 scale mail (worn)
Jewellery
 l - an uncursed ring of wizardry
Scrolls
 d - 2 scrolls of noise {unknown}
 h - a scroll of identify {unknown}
 j - 2 scrolls of teleportation {unknown}
 k - 2 scrolls of remove curse {unknown}
 o - a scroll of fear {unknown}
Potions
 g - a potion of haste
 i - a potion of resistance {unknown}
Comestibles
 c - 2 rations {!d}


   Skills:
 + Level 5.1 Fighting
   Level 5.1 Short Blades
   Level 5.1 Long Blades
   Level 5.1 Axes
   Level 5.1 Maces & Flails
   Level 5.1 Polearms
   Level 5.1 Staves
 + Level 2.5 Armour
 * Level 1.3 Dodging
   Level 5.1 Unarmed Combat
 * Level 3.2 Invocations


You had 3 spell levels left.
You didn't know any spells.
Your spell library was empty.

Dungeon Overview and Level Annotations

Branches:
Dungeon (3/12)

Altars:
Dithmenos
Elyvilon
The Shining One


Innate Abilities, Weirdness & Mutations

You have a pair of small horns on your head.
Your mind is acute. (Int +2)
You are frail. (-10% HP)


Message History

Found a purple potion.
It was a potion of mutation.
You feel extremely strange. A pair of horns grows on your head!
You feel frail.
You feel clever.
It was a potion of might.
You feel very mighty all of a sudden. The orc hits you but does no damage.
It was a potion of haste.
You feel yourself speed up. The orc completely misses you.
You closely miss the orc. The orc barely misses you.
You closely miss the orc. Your headbutt misses the orc.
The orc hits you but does no damage.
You hit the orc.
You kill the orc!
Lugonu accepts your kill.
You hit the orc.
The orc is severely wounded.
The orc closely misses you.
The orc priest invokes the aid of Beogh against you.
Beogh smites you!
You die...

#.............#.#......
#.....#
#..........####.#######
#.....#
#......................
#.....#
#........).############
#.....# #..........#
#.....# ##.#########
#.....####.## .
#...........######....
#.........>.oo@......!
####.......{######....
#........######.. .
#................
########.o.......
#......... #[....?...
#......... #.........


You could see an orc priest and an orc.

Vanquished Creatures
  Jessica (D:2)
  2 oozes
  2 worms (D:2)
  2 dart slugs (D:1)
  A leopard gecko (D:3)
  5 orcs
  A ball python (D:3)
  5 goblins (D:1)
  5 hobgoblins
  8 kobolds
  A bat (D:1)
  4 frilled lizards
  3 rats
40 creatures vanquished.

Notes
Turn   | Place    | Note
-------+----------+-------------------------------------------
     0 | Abyss:1  | Revguard the Hill Orc Abyssal Knight began the quest for
                  | the Orb.
     0 | Abyss:1  | Reached XP level 1. HP: 20/20 MP: 2/2
    40 | Abyss:1  | Noticed a bone dragon
    45 | Abyss:1  | Found a stormy altar of Qazlal.
    55 | Abyss:1  | Noticed a small abomination
    56 | Abyss:1  | Noticed a small abomination
    76 | Abyss:1  | Noticed a white draconian
   129 | Abyss:1  | Noticed a neqoxec
   129 | Abyss:1  | Noticed a wraith
   131 | Abyss:1  | Noticed a large abomination
   142 | D:1      | Escaped the Abyss
   420 | D:1      | Reached XP level 2. HP: 19/28 MP: 4/4
   550 | D:1      | Reached * piety under Lugonu
   627 | D:1      | Reached XP level 3. HP: 24/34 MP: 5/5
   929 | D:2      | Noticed Jessica
   933 | D:2      | Reached skill level 1 in Dodging
   938 | D:2      | Killed Jessica
   938 | D:2      | Reached XP level 4. HP: 20/41 MP: 6/6
  1197 | D:1      | Reached skill level 5 in Fighting
  1554 | D:2      | Found a white marble altar of Elyvilon.
  1560 | D:2      | Found a shadowy altar of Dithmenos.
  1564 | D:2      | Found a glowing golden altar of the Shining One.
  1778 | D:3      | Gained mutation: You have a pair of small horns on your
                  | head. [potion of mutation]
  1778 | D:3      | Gained mutation: You are frail. (-10% HP) [potion of
                  | mutation]
  1778 | D:3      | Gained mutation: Your mind is acute. (Int +2) [potion of
                  | mutation]
  1784 | D:3      | Killed from afar by an orc priest

Skill      XL: |  1  2  3  4 |
---------------+-------------+-----
Dodging        | 1 |  1.3
Invocations    | 3 |  3.2
Fighting       | 5 |  5.1
Short Blades   | |  5.1
Long Blades    | |  5.1
Axes           | |  5.1
Maces & Flails | |  5.1
Polearms       | |  5.1
Staves         | |  5.1
Armour         | |  2.5
Unarmed Combat | |  5.1

Action                   |  1- 3 |  4- 6 || total
-------------------------+-------+-------++-------
Melee: Hand axe          |    62 |    79 ||   141
       Punch             |     1 |     3 ||     4
Invok: Depart the Abyss  |     1 |       ||     1
  Use: Potion            |       |     3 ||     3
  Eat: Chunk             |       |     2 ||     2
Armor: Leather armour    |    15 |     8 ||    23
       Scale mail        |       |    17 ||    17
Dodge: Dodged            |    30 |    49 ||    79
